 Dungeon Crawl Stone Soup version 0.22-a0-455-ga0624bf (webtiles) character file.

36413 KristoblXynda the Carver (level 13, 0/109 HPs)
             Began as a Naga Gladiator on June 5, 2018.
             Was an Elder of Cheibriados.
             Slain by a white ugly thing (24 damage)
             ... on level 13 of the Dungeon.
             The game lasted 00:52:10 (16308 turns).

KristoblXynda the Carver (Naga Gladiator)          Turns: 16308, Time: 00:52:12

Health: 0/109      AC: 24    Str: 28    XL:     13   Next: 90%
Magic:  3/20       EV: 14    Int: 20    God:    Cheibriados [****..]
Gold:   490        SH:  6    Dex: 26    Spells: 6/12 levels left

rFire    . . .     SeeInvis +   z - +4 long sword
rCold    . . .     Gourm    .   j - +0 buckler
rNeg     . . .     Faith    .   B - +2 troll leather armour
rPois    +         Spirit   .   q - +0 helmet "Viunkif" {rElec Regen+ SInv}
rElec    +         Reflect  .   (no cloak)
rCorr    .         Harm     .   r - +2 pair of gloves
MR       +....                  u - +4 naga barding {Fly}
Stlth    +++++.....             e - amulet of regeneration
HPRegen  1.48/turn              y - +3 ring of evasion
MPRegen  0.17/turn              l - +4 ring of dexterity

@: flying, very slow
A: large, see invisible, deformed body, poison resistance, slowness 2, slow
metabolism 1, spit poison 1, constrict 1, AC +4
a: Spit Poison, Bend Time, Temporal Distortion, Slouch, Renounce Religion, Stop
Flying


You were on level 13 of the Dungeon.
You worshipped Cheibriados.
Cheibriados was greatly pleased with you.
You were not hungry.

You visited 3 branches of the dungeon, and saw 18 of its levels.

You collected 1202 gold pieces.
You spent 712 gold pieces at shops.

Inventory:

Hand Weapons
 z - a +4 long sword (weapon)
 E - a +2 double sword of holy wrath
Missiles
 d - 2 throwing nets (quivered)
 m - 9 javelins
Armour
 j - a +0 buckler (worn)
 q - the +0 helmet "Viunkif" (worn) {rElec Regen+ SInv}
   (You found it on level 5 of the Dungeon)

   It insulates you from electricity.
   It lets you see invisible.
   It increases your rate of regeneration.
 r - a +2 pair of gloves (worn)
 u - a +4 naga barding of flying (worn)
 x - a +0 scale mail
 B - a +2 troll leather armour (worn)
Jewellery
 e - an amulet of regeneration (around neck)
 k - an uncursed ring of positive energy
 l - a +4 ring of dexterity (right hand)
 y - a +3 ring of evasion (left hand)
 A - a +4 ring of strength
 I - an uncursed ring of protection from fire
Wands
 b - a wand of disintegration (7)
 s - a wand of enslavement (5)
Scrolls
 c - 3 scrolls of enchant weapon
 g - 4 scrolls of magic mapping
 t - 4 scrolls of amnesia
 v - 4 scrolls of remove curse
 w - a scroll of identify
 G - a scroll of fog
Potions
 a - 2 potions of mutation
 i - 8 potions of curing
 n - 3 potions of magic
 o - 6 potions of brilliance
 p - 2 potions of ambrosia
 C - a potion of haste
 D - 2 potions of agility
 F - a potion of cancellation
Comestibles
 f - 34 rations


   Skills:
 - Level 5.1 Fighting
 + Level 13.5 Long Blades
 - Level 2.0 Throwing
 - Level 9.0 Armour
 + Level 4.5 Dodging
 - Level 10.0 Stealth
 - Level 3.0 Shields
 + Level 5.4 Transmutations
 - Level 10.1 Invocations
 + Level 6.5 Evocations


You had 6 spell levels left.
You knew the following spells:

 Your Spells              Type           Power        Failure   Level  Hunger
a - Statue Form           Tmut/Erth      ##.......    100%        6    #######

Your spell library contained the following spells:

 Spells                   Type           Power        Failure   Level  Hunger
 Cause Fear               Hex            #.........   91%         4    #####..
 Bolt of Fire             Conj/Fire      #.........   100%        6    #######
 Dragon Form              Tmut           ###.......   100%        7    #######
 Flame Tongue             Conj/Fire      #....        22%         1    ##.....
 Dragon's Call            Summ           #.........   100%        9    #######
 Hydra Form               Tmut           ###.......   98%         6    #######
 Irradiate                Conj/Tmut      ##........   89%         5    ######.


Dungeon Overview and Level Annotations

Branches:
Dungeon (13/15)            Temple (1/1) D:6            Lair (4/6) D:11
    Orc (0/2) D:10
  Swamp: Lair:2-4    Shoals: Lair:2-4     Snake: Lair:2-4    Spider: Lair:2-4
 Vaults: D:13-14

Altars:
Ashenzari
Cheibriados
Dithmenos
Elyvilon
Fedhas
Gozag
Hepliaklqana
Kikubaaqudgha
Makhleb
Nemelex Xobeh
Okawaru
Qazlal
Ru
Sif Muna
Trog
Uskayaw
Vehumet
Wu Jian
Xom
Yredelemnul
Zin
The Shining One

Shops:
D:7 ![}}   D:10 %=?::   D:11 *?%%=

Annotations:
D:7 Prince Ribbit


Innate Abilities, Weirdness & Mutations

You cannot wear boots.
Your serpentine skin is tough. (AC +4)
You have supernaturally acute eyesight. (SInv)
Armour fits poorly on your strangely shaped body.
Your system is resistant to poisons. (rPois)
You cover ground very slowly.
You have a slow metabolism.
You can spit poison.
You can use your snake-like lower body to constrict enemies.


Message History

You feel somewhat more hungry.
Cheibriados lowers the support of your attributes as your movement quickens.
Unknown command.
You hit the white ugly thing but do no damage.
Your grab misses the white ugly thing.
The white ugly thing is moderately wounded.
The white ugly thing tentacle-slaps you but does no damage.
You slash the white ugly thing! Your grab misses the white ugly thing.
The white ugly thing is heavily wounded.
The white ugly thing tentacle-slaps you but does no damage.
You slash the white ugly thing! You grab the white ugly thing.
The white ugly thing is severely wounded.
You constrict the white ugly thing. You hit the white ugly thing.
The white ugly thing is almost dead.
You constrict the white ugly thing.
The white ugly thing tentacle-slaps you!
* * * LOW HITPOINT WARNING * * *
The white ugly thing freezes you!!
You die...

##+ ....
....###+#####+#
.......(.......
.......(.......
...............
......)@.......
...####u####.##
.. .†) .# .
..... # .......
....8....
.#.......#.
..#.......#..
.p .


You could see a white ugly thing.

Vanquished Creatures
  Kirke (Lair:4)
  Josephine (D:12)
  A great orb of eyes (D:13)
  An ice dragon (Lair:4)
  A hydra (Lair:4)
  5 two-headed ogres
  A centaur warrior (D:12)
  A death yak (Lair:3)
  2 tengu warriors (D:13)
  3 unseen horrors
  A wizard (D:13)
  A wolf spider zombie (D:8)
  2 deep elf magi (D:13)
  3 cyclopes
  3 ugly things
  A manticore (D:13)
  A gargoyle (D:11)
  A freezing wraith (D:13)
  6 komodo dragons
  A rime drake (Lair:4)
  4 trolls
  A meliai (shapeshifter) (D:13)
  A tengu conjurer (D:13)
  3 slime creatures (D:12)
  5 hippogriffs
  A basilisk (Lair:1)
  6 hogs (Lair:4)
  28 yaks
  2 wyverns
  4 wraiths (D:12)
  The ghost of Curus the Changer, an amateur MfTm (D:3)
  8 water moccasins
  2 hell hounds (D:11)
  3 porcupines
  A hornet zombie (D:5)
  An eye of draining (D:10)
  5 orc warriors
  4 necrophages (D:6)
  3 ice beasts
  4 ogres
  7 wolves
  4 centaurs
  The ghost of Blackrapter the Covered, an amateur GrFi (D:5)
  6 crocodiles
  A big kobold (D:9)
  10 bullfrogs
  4 scorpions
  6 killer bees (D:10)
  4 wights (D:9)
  3 electric eels
  6 crimson imps
  2 bullfrog zombies
  3 centaur zombies
  8 hounds
  4 jellies
  A centaur skeleton (D:11)
  An iguana (D:9)
  14 orc priests
  11 orc wizards
  5 worker ants
  A hound zombie (D:5)
  2 hound skeletons
  2 howler monkey skeletons
  3 worker ant zombies
  4 gnolls (D:6)
  16 adders
  A shadow imp (D:7)
  3 white imps (Lair:4)
  An ooze (D:5)
  An adder zombie (D:7)
  2 adder skeletons
  2 worms (D:2)
  5 dart slugs
  7 leopard geckos
  64 orcs
  A ball python (D:3)
  9 giant cockroaches
  9 goblins
  5 hobgoblins
  12 jackals
  9 kobolds
  3 quokkas
  12 bats
  11 frilled lizards
  A giant cockroach zombie (D:6)
  A leopard gecko zombie (D:6)
  A quokka zombie (D:8)
  7 rats
420 creatures vanquished.

Vanquished Creatures (collateral kills)
  An ugly thing (D:11)
  A blink frog (Lair:1)
  3 yaks (Lair:1)
  5 orcs
10 creatures vanquished.

Vanquished Creatures (others)
  Maurice (D:9)
  A bush (D:6)
  6 plants (D:6)
8 creatures vanquished.

Grand Total: 438 creatures vanquished

Notes
Turn   | Place    | Note
-------+----------+-------------------------------------------
     0 | D:1      | KristoblXynda the Naga Gladiator began the quest for the Orb.
     0 | D:1      | Reached XP level 1. HP: 19/19 MP: 1/1
   326 | D:1      | Reached XP level 2. HP: 5/26 MP: 2/2
   791 | D:1      | Reached XP level 3. HP: 31/32 MP: 3/3
  1269 | D:2      | Found an ancient bone altar of Kikubaaqudgha.
  1483 | D:2      | Reached XP level 4. HP: 22/39 MP: 4/4
  1585 | D:2      | Reached skill level 1 in Armour
  1594 | D:2      | Reached skill level 4 in Long Blades
  2141 | D:2      | Found a bloodstained altar of Trog.
  2286 | D:3      | Reached XP level 5. HP: 35/45 MP: 5/5
  2343 | D:3      | Noticed Curus's ghost (amateur MfTm)
  2366 | D:3      | HP: 3/67 [poisoned by a kobold]
  2366 | D:3      | HP: 1/67 [Curus's ghost (2)]
  2375 | D:3      | Killed Curus's ghost
  2375 | D:3      | Reached skill level 5 in Long Blades
  2375 | D:3      | Reached XP level 6. HP: 17/52 MP: 6/6
  2694 | D:3      | Found a shimmering altar of Xom.
  3148 | D:3      | Reached skill level 6 in Long Blades
  3226 | D:3      | Reached XP level 7. HP: 43/60 MP: 7/7
  3455 | D:3      | Found a deep blue altar of Sif Muna.
  4387 | D:5      | Entered Level 5 of the Dungeon
  4394 | D:5      | Found a white marble altar of Elyvilon.
  4463 | D:5      | Reached skill level 7 in Long Blades
  4557 | D:5      | Reached skill level 1 in Stealth
  4697 | D:5      | Got an ichor-stained helmet
  4708 | D:5      | Identified the +0 helmet "Viunkif" {rElec Regen+ SInv} (You found it on level 5 of the Dungeon)
  4747 | D:5      | Reached XP level 8. HP: 67/67 MP: 8/8
  4763 | D:5      | Noticed Blackrapter's ghost (amateur GrFi)
  4778 | D:5      | Killed Blackrapter's ghost
  4987 | D:5      | Found a snail-covered altar of Cheibriados.
  5002 | D:5      | Became a worshipper of Cheibriados the Contemplative
  5120 | D:6      | Reached skill level 8 in Long Blades
  5278 | D:6      | Found a staircase to the Ecumenical Temple.
  5303 | Temple   | Entered the Ecumenical Temple
  5857 | D:6      | Found a blossoming altar of Fedhas.
  6073 | D:6      | Reached skill level 5 in Stealth
  6190 | D:6      | Found a basalt altar of Yredelemnul.
  6275 | D:7      | Reached * piety under Cheibriados
  6358 | D:7      | Noticed Prince Ribbit
  6417 | D:7      | Found Bantolel's Armour Shoppe.
  6456 | D:7      | Found Imoo's Gadget Boutique.
  6465 | D:7      | Reached XP level 9. HP: 70/70 MP: 9/9
  6514 | D:7      | Reached skill level 9 in Long Blades
  6519 | D:7      | Found Vegyll's Gadget Emporium.
  6897 | D:7      | Found Degirch's Distillery.
  7351 | D:8      | Reached ** piety under Cheibriados
  7351 | D:8      | Reached skill level 5 in Armour
  7453 | D:8      | Reached skill level 1 in Invocations
  7745 | D:7      | Bought a +2 naga barding of flying for 480 gold pieces
  7833 | D:9      | Reached skill level 10 in Long Blades
  7976 | D:9      | Got a jewelled hand crossbow
  7978 | D:9      | Identified the cursed +1 hand crossbow "Fyfiaw Vycsa" {flame, MR+ Int+4} (You found it on level 9 of the Dungeon)
  8058 | D:9      | Reached XP level 10. HP: 75/80 MP: 12/12
  8248 | D:9      | Reached *** piety under Cheibriados
  8465 | D:9      | Killed Maurice
  8823 | D:10     | Entered Level 10 of the Dungeon
  8829 | D:10     | Found Amecis's Book Boutique.
  8834 | D:10     | Noticed a two-headed ogre
  8921 | D:10     | Found Pepod's Food Shoppe.
  9200 | D:10     | Reached **** piety under Cheibriados
  9233 | D:10     | Reached skill level 10 in Stealth
  9240 | D:10     | Reached skill level 5 in Invocations
  9256 | D:10     | Reached skill level 1 in Evocations
  9283 | D:10     | Found a staircase to the Orcish Mines.
  9307 | D:10     | Found a snail-covered altar of Cheibriados.
  9390 | D:10     | Killed a two-headed ogre
  9390 | D:10     | Reached skill level 11 in Long Blades
  9390 | D:10     | Reached XP level 11. HP: 31/86 MP: 15/15
  9788 | D:10     | Found Funac's Book Shop.
  9817 | D:10     | Found Gaestaod's Magic Scroll Emporium.
  9825 | D:10     | Bought a scroll of enchant armour for 90 gold pieces
  9825 | D:10     | Bought a scroll of identify for 24 gold pieces
  9912 | D:7      | Bought a +0 buckler for 54 gold pieces
 10089 | D:10     | Found Wazeng's Jewellery Shoppe.
 10168 | D:11     | Noticed a white ugly thing
 10198 | D:11     | Noticed a cyclops
 10202 | D:11     | Killed a cyclops
 10212 | D:11     | Noticed a two-headed ogre
 10224 | D:11     | Killed a two-headed ogre
 10235 | D:11     | Reached ***** piety under Cheibriados
 10291 | D:11     | Noticed a two-headed ogre
 10305 | D:11     | Killed a two-headed ogre
 10367 | D:11     | Found Ilumoic's Assorted Antiques.
 10395 | D:11     | Found Ruigoq's Jewellery Shoppe.
 10652 | D:11     | Killed a white ugly thing
 10667 | D:11     | Found a shimmering altar of Xom.
 10720 | D:11     | Noticed a two-headed ogre
 10782 | D:11     | Noticed a green ugly thing
 10825 | D:11     | Found Kufesule's Food Emporium.
 10868 | D:11     | Found Hipt's Magic Scroll Emporium.
 10871 | D:11     | Bought a scroll of identify for 32 gold pieces
 10873 | D:11     | Bought a scroll of identify for 32 gold pieces
 11081 | D:11     | Killed a two-headed ogre
 11115 | D:11     | Found a staircase to the Lair.
 11118 | D:11     | Found Mill's Food Boutique.
 11128 | Lair:1   | Entered Level 1 of the Lair of Beasts
 11284 | Lair:1   | Reached skill level 5 in Evocations
 11375 | Lair:1   | HP: 1/86 [komodo dragon (20)]
 11562 | Lair:1   | Reached skill level 1 in Shields
 11677 | Lair:1   | Reached XP level 12. HP: 61/93 MP: 17/17
 11766 | Lair:1   | Identified a scroll of acquirement
 11810 | Lair:1   | Reached skill level 12 in Long Blades
 11988 | Lair:2   | Noticed a five-headed hydra
 12905 | Lair:3   | Reached ****** piety under Cheibriados
 13219 | Lair:3   | Noticed a death yak
 13244 | Lair:3   | Killed a death yak
 13753 | Lair:4   | Noticed Kirke
 13805 | Lair:4   | Killed Kirke
 13992 | Lair:4   | Learned a level 6 spell: Statue Form
 14268 | Lair:4   | Noticed an ice dragon
 14287 | Lair:4   | Killed an ice dragon
 14595 | Lair:4   | Reached skill level 1 in Transmutations
 14642 | Lair:4   | Noticed a six-headed hydra
 14649 | Lair:4   | Killed a six-headed hydra
 14689 | Lair:4   | Gained mutation: You can use your snake-like lower body to constrict enemies. [Naga growth]
 14689 | Lair:4   | Reached XP level 13. HP: 100/105 MP: 16/20
 15283 | D:12     | Noticed Josephine
 15294 | D:12     | Killed Josephine
 15294 | D:12     | Reached skill level 10 in Invocations
 15317 | D:12     | Reached skill level 5 in Fighting
 15365 | D:12     | Reached skill level 13 in Long Blades
 16271 | D:13     | Noticed a great orb of eyes
 16293 | D:13     | Killed a great orb of eyes
 16295 | D:13     | Reached skill level 5 in Transmutations
 16308 | D:13     | Slain by a white ugly thing

Vault maps used:
D:1:      minmay_arrival_plants_in_alcoves, minmay_pentomino_x4
D:2:      nicolae_overflow_hidden_temple, kiku_gazebo_pond_becter,
          corner_web_ring
D:3:      led_xom_imps, lemuel_blue_sif_altar
D:4:      cheibrodos_pilgrimage
D:5:      elyvilon_altar_5, old_standard_altar, first_ration
D:6:      lemuel_coloured_pillars_altar, fedhas_altar_decomposition,
          minmay_temple_entry_junction
D:7:      serial_shops, shop, shop_fountains, shop, nicolae_shop_behind_doors,
          uniq_prince_ribbit1
D:9:      grunt_pizzeria, hex_medium, uniq_maurice
D:10:     hiddenorc2_lemuel, serial_shops, nicolae_shop_waterfront,
          nicolae_shop_stone, nicolae_shop_behind_doors,
          nicolae_shop_waterfront, kennysheep_mini_moat, minmay_misc_feat_iff,
          cheibriados_altar_1
D:11:     minmay_lair_entry_lava, basic_altar, serial_shops, shop,
          nicolae_shop_waterfront, shop, shop, shop, serial_bayou_pond_a
D:12:     uniq_josephine
D:13:     minivault_28
Temple:   regret_index_temple_generic_petals
Lair:1:   minivault_11, minivault_19, st_stairs_7, grunt_megastairs_3
Lair:2:   elwin_shoals_entry_rooms, spider_nest_entry_web_field
Lair:3:   beast_lair_carwin_11, lemuel_fruit_fields, grunt_megastairs_1
Lair:4:   small_statue_intersection, bobbens_ice_dragon_lair,
          grunt_megastairs_4, infiniplex_staircase_pool, uniq_kirke

Skill      XL: |  1  2  3  4  5  6  7  8  9 10 11 12 13 |
---------------+----------------------------------------+-----
Throwing       | 2 |  2.0
Armour         | 1 2 3 4 5 7 8 9 |  9.0
Long Blades    | 4 5 6 7 8 10 11 12 13 | 13.5
Dodging        | 3 4 |  4.5
Stealth        | 1 5 8 10 | 10.0
Invocations    | 3 5 7 9 10 | 10.1
Evocations     | 2 5 6 |  6.5
Shields        | 1 3 |  3.0
Fighting       | 4 5 |  5.1
Transmutations | 1 5 |  5.4

Action                   |  1- 3 |  4- 6 |  7- 9 | 10-12 | 13-15 || total
-------------------------+-------+-------+-------+-------+-------++-------
Melee: Long sword        |   100 |   194 |   533 |   746 |   205 ||  1778
       Unarmed           |       |       |       |     4 |       ||     4
       Constrict         |       |       |       |       |    34 ||    34
Throw: Javelin           |       |       |       |    13 |       ||    13
       Throwing net      |       |       |       |     8 |     1 ||     9
Invok: Slouch            |       |       |       |     7 |     3 ||    10
       Step From Time    |       |       |       |       |     1 ||     1
 Abil: Spit Poison       |     3 |    11 |    12 |    24 |     4 ||    54
Evoke: Wand              |       |       |     1 |    17 |     2 ||    20
  Use: Potion            |       |     6 |     4 |    13 |       ||    23
       Scroll            |       |     5 |    13 |    27 |     1 ||    46
 Stab: Invisible         |       |     4 |       |       |       ||     4
       Sleeping          |       |       |     6 |    16 |     6 ||    28
       Held in net/web   |       |       |       |     3 |       ||     3
       Distracted        |       |       |       |     3 |       ||     3
  Eat: Chunk             |       |     5 |     8 |     4 |     3 ||    20
       Ration            |       |     1 |     1 |     4 |     1 ||     7
Armor: Leather armour    |     9 |       |       |       |       ||     9
       Ring mail         |    36 |    97 |   224 |   158 |       ||   515
       Skin              |       |    13 |    60 |    53 |       ||   126
       Scale mail        |       |       |       |   149 |       ||   149
       Troll leather arm |       |       |       |   183 |    89 ||   272
Dodge: Dodged            |    83 |    98 |   206 |   450 |   104 ||   941
Block: Buckler           |       |       |       |   154 |    56 ||   210
       Rpst.: Long sword |    24 |    36 |    58 |   133 |    26 ||   277

Table legend:
 A = Spawn XP
 B = Non-spawn XP
 C = Spawn XP percentage of total XP
 D = Spawn monster count
 E = Non-spawn monster count
 F = Spawn count percentage of total count
 G = Total turns spent on level
                    A         B        C        D         E        F      G
               +---------+---------+-------+---------+---------+-------+---------
         Total |       0 |   52019 |   0.0 |       0 |     430 |   0.0 | 16308
               +---------+---------+-------+---------+---------+-------+---------
           D:1 |       0 |      43 |   0.0 |       0 |      27 |   0.0 |  1223
           D:2 |       0 |      77 |   0.0 |       0 |      24 |   0.0 |   999
           D:3 |       0 |     573 |   0.0 |       0 |      35 |   0.0 |  1419
           D:4 |       0 |     198 |   0.0 |       0 |      18 |   0.0 |   746
           D:5 |       0 |     624 |   0.0 |       0 |      23 |   0.0 |   694
           D:6 |       0 |     666 |   0.0 |       0 |      17 |   0.0 |   944
           D:7 |       0 |     379 |   0.0 |       0 |      15 |   0.0 |  1121
           D:8 |       0 |    1167 |   0.0 |       0 |      12 |   0.0 |   472
           D:9 |       0 |    1742 |   0.0 |       0 |      32 |   0.0 |  1087
          D:10 |       0 |    4602 |   0.0 |       0 |      62 |   0.0 |  1187
          D:11 |       0 |    7351 |   0.0 |       0 |      39 |   0.0 |  1190
          D:12 |       0 |    8230 |   0.0 |       0 |      33 |   0.0 |  1008
          D:13 |       0 |    9335 |   0.0 |       0 |      18 |   0.0 |    63
        Lair:1 |       0 |    3538 |   0.0 |       0 |      19 |   0.0 |   861
        Lair:2 |       0 |    1345 |   0.0 |       0 |       7 |   0.0 |   472
        Lair:3 |       0 |    2896 |   0.0 |       0 |      14 |   0.0 |  1262
        Lair:4 |       0 |    9253 |   0.0 |       0 |      35 |   0.0 |  1318
               +---------+---------+-------+---------+---------+-------+---------
